 Dungeon Crawl Stone Soup version 0.22-a0-353-g2d6336e (webtiles) character file.

96 mortelune the Magician (level 4, -2/30 HPs)
             Began as a Demonspawn Wizard on Apr 15, 2018.
             Was an Initiate of Ashenzari.
             Slain by an orc wizard
             ... wielding a +2 dagger of protection
              (7 damage)
             ... on level 3 of the Dungeon.
             The game lasted 00:13:11 (4322 turns).

mortelune the Magician (Demonspawn Wizard)          Turns: 4322, Time: 00:13:12

Health: -2/30      AC:  2    Str:  7    XL:     4   Next: 41%
Magic:  0/9        EV: 17    Int: 20    God:    Ashenzari [......]
Gold:   60         SH:  0    Dex: 17    Spells: 2/10 levels left

rFire    + . .     SeeInvis .   r - +0 flail
rCold    + . .     Gourm    .   (no shield)
rNeg     . . .     Faith    .   a - +0 robe
rPois    +         Spirit   .   b - +0 hat
rElec    +         Reflect  .   (no cloak)
rCorr    +         Harm     .   (no gloves)
MR       .....                  (no boots)
Stlth    +++.......             (no amulet)
HPRegen  0.10/turn              (no ring)
MPRegen  0.11/turn              (no ring)

@: agile, resistant, berserk cooldown, slowed, very slow
A: powered by death 1, rot immunity
a: Curse Item, Renounce Religion


You were on level 3 of the Dungeon.
You worshipped Ashenzari.
Ashenzari was noncommittal.
You were near starving.

You visited 1 branch of the dungeon, and saw 3 of its levels.

You collected 60 gold pieces.

Inventory:

Hand Weapons
 i - a +0 club
 r - a +0 flail (weapon)
Armour
 a - a +0 robe (worn)
 b - a +0 hat (worn)
Scrolls
 e - a scroll of enchant armour {unknown}
 f - 3 scrolls of identify {unknown}
 g - a scroll of fog {unknown}
 h - a scroll of teleportation {unknown}
 k - a scroll of enchant weapon {unknown}
 l - 2 scrolls of amnesia {unknown}
 o - 2 scrolls of random uselessness {unknown}
 s - a scroll of remove curse
Potions
 j - a potion of resistance
 m - a potion of ambrosia {unknown}
 n - a potion of might {unknown}
 p - a potion of berserk rage
Comestibles
 d - 7 rations


   Skills:
 - Level 1.7 Dodging
 - Level 1.7 Stealth
 + Level 3.7 Spellcasting
 + Level 2.8 Conjurations
 + Level 2.2 Summonings
 - Level 0.8 Translocations


You had 2 spell levels left.
You knew the following spells:

 Your Spells              Type           Power        Failure   Level  Hunger
a - Magic Dart            Conj           ###.         4%          1    None
b - Call Imp              Summ           ##......     8%          2    ##.....
c - Blink                 Tloc           N/A          14%         2    ##.....
d - Mephitic Cloud        Conj/Pois/Air  #.......     26%         3    ###....


Dungeon Overview and Level Annotations

Branches:
Dungeon (3/15)

Altars:
Ashenzari


Innate Abilities, Weirdness & Mutations

You regenerate a little health from kills.
You are immune to rotting.


Message History

The orc wizard blinks!
The orc wizard mumbles some strange words.
The orc wizard blinks!
The orc wizard hits you with a dagger of protection.
The orc wizard points at you and mumbles some strange words.
The magic dart hits you!
* * * LOW HITPOINT WARNING * * *
Casting: Magic Dart (safe; 4% risk of failure)
Confirm with . or Enter, or press ? or * to list all spells.
Aiming: Magic Dart (safe; 4% risk of failure)
Press: ? - help, Shift-Dir - straight line, f/p - orc wizard
Aim: an orc wizard, wielding a dagger of protection and wearing a robe (moderately wounded, fast)
The magic dart hits the orc wizard.
The orc wizard is heavily wounded.
The orc wizard closely misses you. The orc wizard barely misses you.
It was a potion of agility.
You feel agile all of a sudden.
The orc wizard hits you but does no damage.
The orc wizard hits you with a dagger of protection!
You die...

.#....#.#######.#
.#.#'#........#.#
.#o#.#..#####.#.#
<#o#.#..# #o#.#
.#.#.#..# #.#.#
o#o#.#.)#####5#.#
.#o#.#......#.#.#
o#.#.##.###.#.#o#######
.#.#.#.....<..#.@.....#
.o.#.################.#
.#...#...........# #.#
.#.###o#########.# #.#
.#.#.o.....)...#.# #.#
.#.#.#.#######.#.# #.#
.#........# #.#.# #.#
.#.#.#.##.# #.#)# #.#
oo.#.#.##.# #.#.# #.#


You could see an orc wizard.

Vanquished Creatures
  2 adders (D:2)
  2 dart slugs (D:1)
  2 leopard geckos (D:3)
  6 orcs
  4 bats
  A giant cockroach (D:3)
  9 hobgoblins
  4 jackals
  4 frilled lizards
  6 goblins
  7 rats
47 creatures vanquished.

Vanquished Creatures (collateral kills)
  An orc wizard (D:3)
  A worm (D:2)
  2 orcs (D:3)
4 creatures vanquished.

Grand Total: 51 creatures vanquished

Notes
Turn   | Place    | Note
-------+----------+-------------------------------------------
     0 | D:1      | mortelune the Demonspawn Wizard began the quest for the Orb.
     0 | D:1      | Reached XP level 1. HP: 13/13 MP: 4/4
   703 | D:2      | Found a shattered altar of Ashenzari.
   735 | D:2      | Became a worshipper of Ashenzari the Shackled
   756 | D:2      | Gained mutation: You regenerate a little health from kills. [demonic ancestry]
   756 | D:2      | Reached XP level 2. HP: 19/19 MP: 1/6
   760 | D:2      | Learned a level 2 spell: Call Imp
   763 | D:2      | Learned a level 2 spell: Blink
  1503 | D:1      | Gained mutation: You are immune to rotting. [demonic ancestry]
  1503 | D:1      | Reached XP level 3. HP: 24/24 MP: 5/7
  1625 | D:2      | Learned a level 3 spell: Mephitic Cloud
  3150 | D:3      | Reached XP level 4. HP: 30/30 MP: 7/9
  4300 | D:3      | HP: 2/45 [orc wizard/dagger of protection (5)]
  4322 | D:3      | Slain by an orc wizard

Vault maps used:
D:1:      eino_arrival_cavern_d
D:2:      ashenzari_conservatory_becter, first_ration
D:3:      lemuel_castle_with_subvaults, uniq_jessica

Skill      XL: |  1  2  3 |
---------------+----------+-----
Conjurations   | 2 |  2.8
Summonings     | 2 |  2.2
Dodging        | |  1.7
Stealth        | |  1.7
Spellcasting   | |  3.7
Translocations | |  0.8

Action                   |  1- 3 |  4- 6 || total
-------------------------+-------+-------++-------
Melee: Unarmed           |    27 |       ||    27
       Club              |     2 |       ||     2
       Flail             |       |    22 ||    22
 Cast: Magic Dart        |   112 |    43 ||   155
       Call Imp          |     2 |    10 ||    12
       Blink             |       |     2 ||     2
  Use: Potion            |       |     5 ||     5
 Stab: Distracted        |       |     1 ||     1
  Eat: Chunk             |     6 |     3 ||     9
Armor: Robe              |     9 |     8 ||    17
Dodge: Dodged            |    41 |    27 ||    68

Table legend:
 A = Spawn XP
 B = Non-spawn XP
 C = Spawn XP percentage of total XP
 D = Spawn monster count
 E = Non-spawn monster count
 F = Spawn count percentage of total count
 G = Total turns spent on level
                    A         B        C        D         E        F      G
               +---------+---------+-------+---------+---------+-------+---------
         Total |       0 |     138 |   0.0 |       0 |      51 |   0.0 |  4322
               +---------+---------+-------+---------+---------+-------+---------
           D:1 |       0 |      36 |   0.0 |       0 |      20 |   0.0 |  1377
           D:2 |       0 |      54 |   0.0 |       0 |      16 |   0.0 |  2048
           D:3 |       0 |      48 |   0.0 |       0 |      15 |   0.0 |   897
               +---------+---------+-------+---------+---------+-------+---------
